 Dungeon Crawl Stone Soup version 0.18.1-1-g2f07953 (webtiles) character file.

122 Ellandar the Insei (level 4, -1/37 HPs)
             Began as a Demonspawn Monk on Aug 9, 2016.
             Was a Believer of Qazlal.
             Slain by Scattercatt's ghost (5 damage)
             ... on level 4 of the Dungeon.
             The game lasted 00:15:12 (2990 turns).

Ellandar the Insei (Demonspawn Monk)                Turns: 2990, Time: 00:15:13

Health: -1/37      AC: 11    Str: 11    XL:     4   Next: 78%
Magic:  4/4        EV: 13    Int: 17    God:    Qazlal [**....]
Gold:   142        SH:  2    Dex: 14    Spells: 0 memorised, 3 levels left

rFire  . . .     SeeInvis +       - Unarmed
rCold  . . .     Gourm    +     f - +0 leather armour
rNeg   . . .     Faith    .     (no shield)
rPois  .         Spirit   .     (no helmet)
rElec  .         Dismiss  .     (no cloak)
rCorr  .         Reflect  .     (no gloves)
SustAt .         Harm     .     v - +0 pair of boots
MR     .....     Clarity  +     h - amulet of the gourmand
Stlth  ++........               (no ring)
                                (no ring)

@: brilliant, hasted, very quick, not resistant to hostile enchantments,
unstealthy
A: rough black scales 2, see invisible, clarity, deterioration 1, powered by
death 1
a: Upheaval, Renounce Religion


You were on level 4 of the Dungeon.
You worshipped Qazlal.
Qazlal was pleased with you.
You were not hungry.

You visited 2 branches of the dungeon, and saw 5 of its levels.

You collected 142 gold pieces.

Inventory:

Armour
 a - a +0 robe
 f - a +0 leather armour (worn)
 v - a +0 pair of boots (worn)
Magical Staves
 t - an uncursed staff of wizardry {unknown}
Jewellery
 h - an amulet of the gourmand (around neck)
 p - an uncursed amulet of magic regeneration {unknown}
 q - an uncursed amulet of dismissal {unknown}
 r - a cursed ring of flight {unknown}
Scrolls
 j - a scroll of blinking {unknown}
 k - 2 scrolls of magic mapping {unknown}
 l - 2 scrolls of identify {unknown}
 m - 2 scrolls of remove curse {unknown}
 u - a scroll of noise {unknown}
Potions
 e - a potion of might {unknown}
 i - a potion of agility {unknown}
 n - a potion of ambrosia {unknown}
 o - a potion of flight {unknown}
Books
 x - a book of Transfigurations

   Spells                             Type                      Level
   a - Irradiate                      Conjuration/Transmutation    5
   b - Statue Form                    Transmutation/Earth          6
   c - Hydra Form                     Transmutation                6
   d - Dragon Form                    Transmutation                7
Comestibles
 b - 3 bread rations
 g - a meat ration
 w - a beef jerky


   Skills:
 + Level 3.8 Fighting
 + Level 3.4 Dodging
 - Level 2.9 Stealth
 + Level 4.0 Unarmed Combat
 + Level 0.3 Invocations


You had 3 spell levels left.
You didn't know any spells.

Dungeon Overview and Level Annotations

Branches:
Dungeon (4/15)             Temple (1/1) D:4

Altars:
Cheibriados
Elyvilon
Fedhas
Gozag
Kikubaaqudgha
Makhleb
Nemelex Xobeh
Okawaru
Qazlal
Sif Muna
Trog
Vehumet
Xom
Yredelemnul

Annotations:
D:4 Scattercatt's ghost, novice GrEE


Innate Abilities, Weirdness & Mutations

You are mostly covered in rough black scales (AC +7, Dex -2).
You regenerate a little health from kills.
You have supernaturally acute eyesight.
You possess an exceptional clarity of mind.
Your body sometimes deteriorates upon taking damage.


Message History

The stone arrow hits you!
* * * LOW HITPOINT WARNING * * *
You hit Scattercatt's ghost but do no damage.
Scattercatt's ghost is moderately damaged.
Scattercatt's ghost gestures at you while chanting.
The rocky blast hits you!
Drink which item? (? for menu, Esc to quit)
It was a potion of mutation.
You feel extremely strange.
Your thoughts seem clearer.
Your vision sharpens.
You feel yourself wasting away. Scattercatt's ghost barely misses you.
Drink which item? (? for menu, Esc to quit)
It was a potion of brilliance.
You feel clever all of a sudden.
Scattercatt's ghost casts a spell at you.
The rocky blast hits you!
Drink which item? (? for menu, Esc to quit)
It was a potion of haste.
You feel yourself speed up. Scattercatt's ghost hits you.
You die...

...# #..## ..# #.#
#...####..# ..#
#.........###
..########............
#...................#
......###.......#.##
....## #..##.....#
##..)# #..###....# ###
# #..## #..#
#..@.##.... #
##..###..####.W......#
# ##..##...#
##.....### ##
#...#...###[)#..## .#
##..oo..##..###..# .#
#.(....#..## #..# .#
##.......## #..# ..
#.......## #..
............## #.


You could see Scattercatt's ghost.

Vanquished Creatures
  A hound skeleton (D:4)
  3 adders
  A worm (D:2)
  3 dart slugs
  3 giant geckos
  7 orcs
  11 bats
  3 giant cockroaches
  5 goblins
  7 hobgoblins
  5 giant newts
  8 kobolds
  4 rats
61 creatures vanquished.

Notes
Turn   | Place    | Note
--------------------------------------------------------------
     0 | D:1      | Ellandar the Demonspawn Monk began the quest for the Orb.
     0 | D:1      | Reached XP level 1. HP: 18/18 MP: 1/1
   251 | D:1      | Gained mutation: You regenerate a little health from kills. [demonic ancestry]
   251 | D:1      | Reached XP level 2. HP: 24/24 MP: 2/2
   638 | D:1      | Gained mutation: You are partially covered in rough black scales (AC +4, Dex -1). [demonic ancestry]
   638 | D:1      | Reached XP level 3. HP: 29/29 MP: 3/3
  1135 | D:2      | Found a blossoming altar of Fedhas.
  1563 | D:2      | Gained mutation: You are mostly covered in rough black scales (AC +7, Dex -2). [demonic ancestry]
  1563 | D:2      | Reached XP level 4. HP: 31/36 MP: 4/4
  2258 | D:3      | Found a stormy altar of Qazlal.
  2402 | D:3      | Found an opulent altar of Gozag.
  2581 | D:4      | Found a staircase to the Ecumenical Temple.
  2589 | Temple   | Entered the Ecumenical Temple
  2813 | Temple   | Became a worshipper of Qazlal Stormbringer
  2813 | Temple   | Reached * piety under Qazlal
  2813 | Temple   | Reached ** piety under Qazlal
  2844 | D:4      | Noticed Scattercatt's ghost (novice GrEE)
  2877 | D:4      | Reached skill level 4 in Unarmed Combat
  2988 | D:4      | Gained mutation: You possess an exceptional clarity of mind. [potion of mutation]
  2988 | D:4      | Gained mutation: You have supernaturally acute eyesight. [potion of mutation]
  2988 | D:4      | Gained mutation: Your body sometimes deteriorates upon taking damage. [potion of mutation]
  2990 | D:4      | Slain by Scattercatt's ghost

Skill      XL: |  1  2  3  4 |
---------------+-------------+-----
Stealth        | 2 |  2.9
Dodging        | 3 |  3.4
Unarmed Combat | 4 |  4.0
Fighting       | |  3.8
Invocations    | |  0.3

Action                   |  1- 3 |  4- 6 || total
-------------------------+-------+-------++-------
Melee: Unarmed           |   142 |   128 ||   270
       Punch             |     2 |     4 ||     6
  Use: Potion            |       |     3 ||     3
 Stab: Sleeping          |     7 |     1 ||     8
  Eat: Chunk             |    10 |     4 ||    14
Armor: Robe              |     5 |       ||     5
       Leather armour    |    33 |    59 ||    92
Dodge: Dodged            |    77 |    98 ||   175
Block: Other             |       |     4 ||     4
